 Dungeon Crawl Stone Soup version 0.26-a0-682-g294304f6e8 (webtiles) character file.

Game seed: 7799404997654686768

65 somkeydreadnuts the Firebug (level 3, 0/19 HPs)
             Began as a Deep Elf Fire Elementalist on Oct 20, 2020.
             Succumbed to a worker ant's poison
             ... on level 2 of the Dungeon.
             The game lasted 00:04:50 (1244 turns).

somkeydreadnuts the Firebug (DEFE)                  Turns: 1244, Time: 00:04:51

Health: 0/19       AC:  3    Str:  5    XL:     3   Next: 92%
Magic:  4/10       EV: 13    Int: 20    God:
Gold:   91         SH:  0    Dex: 15    Spells: 9/10 levels left

rFire    . . .     SeeInvis .   k - +0 dagger
rCold    . . .     Faith    .   (no shield)
rNeg     + . .     Spirit   .   a - +0 robe
rPois    .         Reflect  .   (no helmet)
rElec    .         Harm     .   (no cloak)
rCorr    .         Rampage  .   (no gloves)
MR       .....                  f - +0 pair of boots
Stlth    ++........             (no amulet)
HPRegen  0.06/turn              h - ring of positive energy
MPRegen  0.12/turn              (no ring)

@: lethally poisoned (0 -> -14)
A: no striking features
a: no special abilities


You were on level 2 of the Dungeon.
You visited 1 branch of the dungeon, and saw 2 of its levels.

You collected 91 gold pieces.

Inventory:

Hand Weapons
 k - a +0 dagger (weapon)
Armour
 a - a +0 robe (worn)
 f - a +0 pair of boots (worn)
Jewellery
 h - a ring of positive energy (left hand)
Scrolls
 d - a scroll of magic mapping {unknown}
 e - a scroll of amnesia {unknown}
 g - a scroll of fog {unknown}
 j - 3 scrolls of identify {unknown}
Potions
 b - 2 potions of curing {unknown}
 c - 2 potions of flight {unknown}
 i - a potion of invisibility {unknown}


   Skills:
 - Level 2.5 Dodging
 - Level 2.9 Stealth
 + Level 4.1 Spellcasting
 + Level 2.0 Conjurations
 + Level 4.1 Fire Magic


You had 9 spell levels left.
You knew the following spells:

 Your Spells              Type           Power        Failure   Level
a - Foxfire               Conj/Fire      ###.         3%          1

Your spell library contained the following spells:

 Spells                   Type           Power        Failure   Level
 Conjure Flame            Conj/Fire      ###.....     11%         3
 Inner Flame              Hex/Fire       ##......     16%         3
 Sticky Flame             Conj/Fire      ###.....     34%         4
 Fireball                 Conj/Fire      ###.......   69%         5


Dungeon Overview and Level Annotations

Branches:
Dungeon (2/15)

Altars:


Message History

Confirm with . or Enter, or press ? or * to list all spells.
You conjure some foxfire!
You feel sick.
The foxfire hits the worker ant.
The worker ant is severely wounded.
The foxfire hits the worker ant.
The worker ant is almost dead.
The worker ant barely misses you.
Casting: Foxfire (safe; 4% risk of failure)
Confirm with . or Enter, or press ? or * to list all spells.
You conjure some foxfire!
You feel sick. The worker ant bites you!
* * * LOW HITPOINT WARNING * * *
The worker ant misses you.
You barely miss the worker ant.
The worker ant is almost dead.
* * * LOW HITPOINT WARNING * * *
You feel sick.
The foxfire hits the worker ant.
You kill the worker ant!
Your Spellcasting skill increases to level 4!
Your Conjurations skill increases to level 2!
Your Fire Magic skill increases to level 4!
You die...

.# ### .# #.. .# #.#
.## ##### #.# ..##
#...# #.# ...#
###...### #B#
...###.....v.######§#
)...........§§v§§)#.#
...###........§.@v§.#
...........##.###.###
..#####....##.# #.#
..............# #.#
..#####.....### #.#
.............# #.#
#######...#..####.#
....(.#..##........
#####..............


There were no monsters in sight!

Vanquished Creatures
  A worker ant (D:2)
  A dart slug (D:1)
  A ball python (D:1)
  2 bats (D:1)
  3 giant cockroaches (D:1)
  2 goblins
  3 hobgoblins
  6 jackals (D:2)
  3 quokkas (D:2)
  3 frilled lizards
  4 kobolds
  8 rats
37 creatures vanquished.

Vanquished Creatures (others)
  91 foxfires
91 creatures vanquished.

Grand Total: 128 creatures vanquished

Notes
Turn   | Place    | Note
-------+----------+-------------------------------------------
     0 | D:1      | somkeydreadnuts the Deep Elf Fire Elementalist began the
                  | quest for the Orb.
     0 | D:1      | Reached XP level 1. HP: 10/10 MP: 6/6
   218 | D:1      | Reached XP level 2. HP: 15/15 MP: 4/8
   906 | D:2      | Reached XP level 3. HP: 19/19 MP: 2/10
  1244 | D:2      | Succumbed to a worker ant's poison

Illustrated notes

Levels and vault maps discovered:
D:1:      scummos_arrival_simple_fountains, layout_basic
D:2:      layout_loops_ring, chequers_ecumenical_altar_simple_redux,
          st_stairs_9, uniq_crazy_yiuf_cottage

Skill      XL: |  1  2  3 |
---------------+----------+-----
Spellcasting   | 4 |  4.1
Conjurations   | 2 |  2.0
Fire Magic     | 4 |  4.1
Dodging        | |  2.5
Stealth        | |  2.9

Action                   || total
-------------------------++-------
Melee: Unarmed           ||     8
       Dagger            ||     6
 Cast: Foxfire           ||    62
 Stab: Sleeping          ||     1
Armor: Robe              ||    13
Dodge: Dodged            ||    36

Table legend: (Time is in decaauts)
 A = Elapsed time spent in this place.
 B = Non-inter-level travel time spent in this place.
 C = Inter-level travel time spent in this place.
 D = Time resting spent in this place.
 E = Time spent auto-exploring this place.
 F = Levels seen in this place.
 G = Mean time per level.
                   A        B        C        D        E       F      G
               +--------+--------+--------+--------+--------+-----+--------+
         Total |   1242 |   1242 |      0 |      0 |    921 |   2 |  621.0 |
       Dungeon |   1242 |   1242 |      0 |      0 |    921 |   2 |  621.0 |
               +--------+--------+--------+--------+--------+-----+--------+

Top non-repeatable levels by time:
     D:1: 895 daAuts
     D:2: 347 daAuts
